 Dungeon Crawl Stone Soup version 0.24.0-1-gfbc8707 (webtiles) character file.

Game seed: 12139882612780038789, levelgen mode: deterministic

5597 Belboz the Carver (level 11, -5/75 HPs)
             Began as a Formicid Fighter on Oct 31, 2019.
             Was an Elder of Okawaru.
             Slain by a manticore (8 damage)
             ... on level 8 of the Dungeon.
             The game lasted 00:16:59 (9834 turns).

Belboz the Carver (Formicid Fighter)                Turns: 9834, Time: 00:17:01

Health: -5/75      AC: 22    Str: 21    XL:     11   Next: 3%
Magic:  12/14      EV:  9    Int:  8    God:    Okawaru [****..]
Gold:   496        SH:  0    Dex: 17    Spells: 10/10 levels left

rFire    . . .     SeeInvis +   a - +0 long sword
rCold    + . .     Gourm    .   (no shield)
rNeg     . . .     Faith    .   J - +0 plate armour
rPois    .         Spirit   .   (helmet unavailable)
rElec    .         Reflect  .   w - +0 cloak
rCorr    .         Harm     .   k - +2 pair of gloves
MR       ++...                  N - +2 pair of boots
Stlth    ..........             (no amulet)
HPRegen  0.22/turn              t - ring of protection from cold
MPRegen  0.14/turn              O - ring "Gamn" {+Fly MR+ Dex+4 SInv Stlth+}

@: heroism
A: permanent stasis, dig shafts and tunnels, four strong arms, antennae 3
a: Dig, Shaft Self, Heroism, Renounce Religion, Evoke Flight


You were on level 8 of the Dungeon.
You worshipped Okawaru.
Okawaru was greatly pleased with you.
You were not hungry.

You visited 2 branches of the dungeon, and saw 9 of its levels.

You collected 496 gold pieces.

Inventory:

Hand Weapons
 a - a +0 long sword (weapon)
 v - a +4 quarterstaff of chaos
 z - a +0 whip of electrocution
 L - the +6 hand crossbow "Veulaoca" {flame, rPois rC+ MR- Str+3, unknown}
   (You found it on level 7 of the Dungeon)

   It causes projectiles fired from it to burn those they strike, causing extra
   injury to most foes and up to half again as much damage against particularly
   susceptible opponents.
   It affects your strength (+3).
   It protects you from cold.
   It protects you from poison.
   It affects your resistance to hostile enchantments.
Missiles
 e - 15 boomerangs
 n - 5 throwing nets
 p - 46 poisoned darts (quivered)
 D - 3 silver boomerangs
 I - 7 curare-tipped darts
 P - 6 javelins
Armour
 c - a +0 shield
 k - a +2 pair of gloves (worn)
 w - a +0 cloak (worn)
 J - a +0 plate armour (worn)
 M - +0 steam dragon scales
 N - a +2 pair of boots (worn)
Jewellery
 s - an uncursed ring of flight
 t - a ring of protection from cold (left hand)
 O - the ring "Gamn" (right hand) {+Fly MR+ Dex+4 SInv Stlth+}
   (You found it on level 7 of the Dungeon)

   [ring of flight]

   It affects your dexterity (+4).
   It affects your resistance to hostile enchantments.
   It lets you see invisible.
   It lets you fly.
   It makes you more stealthy.
Wands
 y - a wand of flame (15)
 R - a wand of iceblast (10)
Scrolls
 g - 3 scrolls of remove curse {unknown}
 h - 2 scrolls of immolation {unknown}
 i - a scroll of enchant armour {unknown}
 j - 6 scrolls of fog {unknown}
 m - 2 scrolls of enchant weapon {unknown}
 o - a scroll of noise {unknown}
 q - a scroll of random uselessness {unknown}
 r - a scroll of blinking {unknown}
 u - 4 scrolls of teleportation {unknown}
 A - 7 scrolls of identify {unknown}
 F - 2 scrolls of amnesia {unknown}
 K - 2 scrolls of magic mapping {unknown}
Potions
 b - a potion of degeneration {unknown}
 d - 2 potions of might
 l - 2 potions of lignification {unknown}
 x - 3 potions of haste {unknown}
 B - 3 potions of magic {unknown}
 C - 6 potions of curing {unknown}
 E - a potion of heal wounds {unknown}
 G - a potion of brilliance {unknown}
 H - a potion of resistance {unknown}
 Q - 2 potions of agility {unknown}
Comestibles
 f - 14 rations


   Skills:
 - Level 3.2(8.2) Fighting
 * Level 13.4(18.4) Long Blades
 - Level 5.1(10.1) Armour
 + Level 6.8(11.8) Shields
 - Level 5.0 Invocations


You had 10 spell levels left.
You didn't know any spells.
Your spell library was empty.

Dungeon Overview and Level Annotations

Branches:
Dungeon (8/15)             Temple (1/1) D:4
   Lair: D:8-11

Altars:
Ashenzari
Cheibriados
Dithmenos
Elyvilon
Fedhas
Gozag
Hepliaklqana
Kikubaaqudgha
Makhleb
Nemelex Xobeh
Okawaru
Qazlal
Ru
Sif Muna
Trog
Uskayaw
Vehumet
Wu Jian
Xom
Yredelemnul
Zin
The Shining One


Innate Abilities, Weirdness & Mutations

You cannot be hasted, slowed, berserked, paralysed or teleported.
You can dig through walls and to a lower floor.
Your four strong arms can wield two-handed weapons with a shield.
You have a pair of large antennae on your head. (SInv)


Message History

The manticore bites you!
* * * LOW HITPOINT WARNING * * *
The manticore claws you but does no damage. x2
The black bear bites you but does no damage.
The black bear claws you but does no damage. x2
You gain the combat prowess of a mighty hero.
The manticore bites you!
* * * LOW HITPOINT WARNING * * *
The manticore claws you but does no damage. x2
The black bear barely misses you. x2
The black bear claws you but does no damage.
You slash the manticore!
The manticore is almost dead.
You hit the manticore but do no damage.
The manticore is almost dead.
The manticore closely misses you.
You riposte.
You hit the manticore.
The manticore is almost dead.
The manticore claws you but does no damage.
The manticore claws you!
You die...

##........# ..#
#.###.....# #..
##.#......##
##..##....#
######.(.##
##...##
##...####.
###.........
#..@........
#.....Hh.......
#..........#....
#.######...#....
# #........
#........
#....... .......


You could see a manticore and a black bear.

Vanquished Creatures
  Harold (D:8)
  Grinder (D:5)
  Prince Ribbit (D:5)
  Sigmund (D:3)
  A hippogriff (D:8)
  A yak (D:7)
  3 hogs (D:7)
  A human (D:7)
  2 steam dragons (D:7)
  Menkaure (D:5)
  3 orc warriors (D:6)
  A sky beast (D:8)
  A phantom (D:7)
  4 ogres
  A centaur (D:6)
  4 bullfrogs
  A gnoll sergeant (D:8)
  3 scorpions
  A water moccasin skeleton (D:4)
  4 killer bees (D:7)
  4 howler monkeys
  5 crimson imps
  A bullfrog zombie (D:8)
  2 jellies
  A quasit (D:7)
  7 orc priests
  Crazy Yiuf (D:2)
  Ijyb (D:3)
  Jessica (D:3)
  2 iguanas (D:5)
  7 orc wizards
  5 worker ants
  19 gnolls
  16 adders
  A shadow imp (D:7)
  An adder zombie (D:8)
  2 adder skeletons
  4 worms
  6 dart slugs
  4 leopard geckos
  22 orcs
  2 ball pythons (D:3)
  3 giant cockroaches
  7 goblins
  5 hobgoblins
  17 jackals
  3 quokkas
  7 bats
  5 frilled lizards
  9 kobolds
  A leopard gecko skeleton (D:5)
  A quokka skeleton (D:5)
  9 rats
217 creatures vanquished.

Vanquished Creatures (others)
  A leopard gecko skeleton (D:6)
1 creature vanquished.

Grand Total: 218 creatures vanquished

Notes
Turn   | Place    | Note
-------+----------+-------------------------------------------
     0 | D:1      | Belboz the Formicid Fighter began the quest for the Orb.
     0 | D:1      | Reached XP level 1. HP: 18/18 MP: 1/1
   103 | D:1      | Reached XP level 2. HP: 24/24 MP: 2/2
   176 | D:1      | Reached skill level 3 in Long Blades
   352 | D:1      | Reached XP level 3. HP: 28/29 MP: 3/3
   733 | D:2      | Reached skill level 4 in Long Blades
   733 | D:2      | Reached XP level 4. HP: 32/35 MP: 4/4
  1464 | D:2      | Reached XP level 5. HP: 33/41 MP: 5/5
  1510 | D:2      | Reached skill level 5 in Long Blades
  1707 | D:2      | Found a runed translucent door.
  1708 | D:2      | Noticed Crazy Yiuf
  1719 | D:2      | Killed Crazy Yiuf
  2305 | D:3      | Noticed Ijyb
  2319 | D:3      | Reached XP level 6. HP: 24/47 MP: 6/6
  2320 | D:3      | Killed Ijyb
  2320 | D:3      | Reached skill level 6 in Long Blades
  2472 | D:3      | Noticed Jessica
  2480 | D:3      | Killed Jessica
  2882 | D:3      | Noticed Sigmund
  2891 | D:3      | Killed Sigmund
  2891 | D:3      | Reached skill level 7 in Long Blades
  2891 | D:3      | Reached XP level 7. HP: 52/52 MP: 7/7
  3218 | D:4      | Found a staircase to the Ecumenical Temple.
  3284 | Temple   | Entered the Ecumenical Temple
  3388 | Temple   | Became a worshipper of Warmaster Okawaru
  3588 | D:4      | Reached skill level 8 in Long Blades
  3722 | D:4      | Reached skill level 1 in Invocations
  3733 | D:4      | Reached XP level 8. HP: 46/58 MP: 7/9
  4198 | D:4      | Reached * piety under Okawaru
  4198 | D:4      | Reached skill level 9 in Long Blades
  4263 | D:5      | Entered Level 5 of the Dungeon
  4397 | D:5      | Noticed Menkaure
  4417 | D:5      | Killed Menkaure
  4606 | D:5      | Noticed Grinder
  4628 | D:5      | Killed Grinder
  4628 | D:5      | Reached XP level 9. HP: 35/64 MP: 12/12
  4923 | D:5      | Reached skill level 10 in Long Blades
  5101 | D:5      | Reached skill level 5 in Invocations
  5328 | D:5      | Noticed Prince Ribbit
  5342 | D:5      | Killed Prince Ribbit
  5517 | D:6      | Reached ** piety under Okawaru
  5824 | D:6      | Reached skill level 11 in Long Blades
  6163 | D:6      | Found a stormy altar of Qazlal.
  6721 | D:7      | Got a scorched hand crossbow
  6935 | D:7      | Reached XP level 10. HP: 66/70 MP: 13/13
  7387 | D:7      | Found a white marble altar of Elyvilon.
  7421 | D:7      | Reached skill level 12 in Long Blades
  7485 | D:7      | Got a translucent lead ring
  7496 | D:7      | Identified the ring "Gamn" {+Fly MR+ Dex+4 SInv Stlth+}
                  | (You found it on level 7 of the Dungeon)
  7625 | D:7      | HP: 1/70 [steam dragon/ball of steam (16)]
  7629 | D:7      | Reached skill level 5 in Armour
  7999 | D:7      | Reached *** piety under Okawaru
  8028 | D:7      | Reached skill level 5 in Shields
  8927 | D:8      | Noticed Harold
  9024 | D:8      | Killed Harold
  9024 | D:8      | Reached **** piety under Okawaru
  9024 | D:8      | Reached skill level 13 in Long Blades
  9464 | D:8      | Reached XP level 11. HP: 68/75 MP: 14/14
  9813 | D:8      | Noticed a manticore
  9832 | D:8      | HP: 2/75 [manticore (11)]
  9834 | D:8      | Slain by a manticore

Levels and vault maps discovered:
D:1:      lightli_molten_gateway, layout_basic
D:2:      layout_basic, palyth_stone_intersect, uniq_crazy_yiuf_cottage
D:3:      layout_basic, minmay_misc_feat_tower, uniq_jessica, uniq_ijyb,
          uniq_sigmund
D:4:      layout_basic, minmay_temple_entry_gardened_gates
D:5:      layout_basic, first_ration, uniq_prince_ribbit1, uniq_grinder,
          uniq_menkaure
D:6:      layout_basic, grunt_qazlal_clouds
D:7:      cheibrodos_steamvent, layout_cave_pools, lemuel_doored_altar,
          grunt_livestock
D:8:      layout_layer_cave, st_stairs_4, uniq_harold
Temple:   roderic_octagonal_lattice_temple

Skill      XL: |  1  2  3  4  5  6  7  8  9 10 |
---------------+-------------------------------+-----
Long Blades    | 3 4 5 7 8 9 11 13 | 13.4
Invocations    | 1 4 5 |  5.0
Armour         | 4 5 |  5.1
Shields        | 6 |  6.8
Fighting       | |  3.2

Action                   |  1- 3 |  4- 6 |  7- 9 | 10-12 || total
-------------------------+-------+-------+-------+-------++-------
Melee: Long sword        |   109 |   183 |   426 |   371 ||  1089
Invok: Heroism           |       |       |       |     3 ||     3
 Abil: Dig               |     4 |     4 |     8 |     4 ||    20
 Stab: Invisible         |       |     1 |       |       ||     1
  Eat: Ration            |     1 |       |     2 |     1 ||     4
       Chunk             |       |     7 |     7 |     7 ||    21
Armor: Scale mail        |    73 |    97 |   109 |       ||   279
       Plate armour      |       |       |    64 |   280 ||   344
Dodge: Dodged            |    74 |    81 |   140 |   114 ||   409
Block: Shield            |     1 |       |       |       ||     1
       Rpst.: Long sword |    18 |    30 |    45 |    26 ||   119
